[ AOE2 MATCH · #506194250 ]
UnrankedTeutons vs Byzantines
Player's team · LOSS
[ REPLAY ANALYSIS · EXTRACTED FROM THE RECORDED GAME ]
Feudal
10:32
Castle
28:47
Imperial
—
| APM avg | 52.5 |
| APM peak | 77 |
| eAPM avg | 28.2 |
| Villagers / military | 76 / 46 |
Focus
⚔️ 46.3% · 🌾 53.7%
Skirmisher ×33 · Militia ×10 · Archer ×3
Feudal
11:18
Castle
27:09
Imperial
—
| APM avg | 59.1 |
| APM peak | 93 |
| eAPM avg | 23.9 |
| Villagers / military | 94 / 57 |
Focus
⚔️ 43.1% · 🌾 56.9%
Skirmisher ×35 · Militia ×6 · Spearman ×5 · Cataphract ×5 · Archer ×3 · Camel Scout ×3
Match map
Initial resources + every placement click. Lines = walls · curves = elevation contours. ◆ gold · ⬟ stone · ● berries · ✦ relic · ◌ wall gap
Your base· Open — 4t gap
Moneimon's base· Open — 3t gap
Smoothed initial terrain · ◌ = detected wall gap · hover for details
Inputs per minute
— Hannibal - - Moneimon
Build order — Hannibal
First 150 of 221 actions detected
| 0:00 | Queue | Villager (Male) |
| 0:01 | Queue | Villager (Male) |
| 0:02 | Build | House |
| 0:08 | Queue | Villager (Male) |
| 0:08 | Queue | Villager (Male) |
| 1:25 | Queue | Villager (Male) |
| 1:32 | Build | House |
| 1:33 | Build | House |
| 1:46 | Queue | Villager (Male) |
| 2:17 | Queue | Villager (Male) |
| 2:34 | Queue | Villager (Male) |
| 2:56 | Build | Lumber Camp |
| 3:10 | Queue | Villager (Male) |
| 3:10 | Queue | Villager (Male) |
| 3:39 | Queue | Villager (Male) |
| 4:11 | Queue | Villager (Male) |
| 4:29 | Build | Mill |
| 4:30 | Queue | Villager (Male) |
| 5:05 | Queue | Villager (Male) |
| 5:23 | Build | Mill |
| 5:24 | Queue | Villager (Male) |
| 5:36 | Build | House |
| 5:45 | Queue | Villager (Male) |
| 5:46 | Queue | Villager (Male) |
| 6:06 | Build | House |
| 6:11 | Build | Palisade Wall |
| 6:12 | Build | Palisade Wall |
| 6:12 | Build | Palisade Wall |
| 6:15 | Build | Palisade Wall |
| 6:29 | Research | Loom |
| 7:19 | Build | Palisade Wall |
| 7:32 | Queue | Villager (Male) |
| 7:57 | Queue | Villager (Male) |
| 8:00 | Build | Palisade Wall |
| 8:14 | Research | Feudal Age |
| 8:20 | Build | Barracks |
| 8:46 | Build | Palisade Wall |
| 8:50 | Build | Palisade Wall |
| 9:10 | Queue | Militia |
| 9:11 | Queue | Militia |
| 9:18 | Build | Palisade Wall |
| 9:20 | Build | Palisade Wall |
| 9:52 | Build | Mining Camp |
| 9:53 | Queue | Militia |
| 10:19 | Build | Palisade Wall |
| 10:28 | Queue | Militia |
| 10:31 | Queue | Villager (Male) |
| 10:32 | Age | Feudal Age |
| 10:50 | Research | Man-at-Arms (upgrade) |
| 10:51 | Queue | Villager (Male) |
| 10:58 | Queue | Villager (Male) |
| 11:02 | Build | House |
| 11:20 | Queue | Villager (Male) |
| 11:27 | Queue | Militia |
| 11:30 | Build | Archery Range |
| 11:43 | Queue | Villager (Male) |
| 11:43 | Queue | Villager (Male) |
| 11:49 | Queue | Militia |
| 11:51 | Queue | Villager (Male) |
| 11:56 | Build | House |
| 11:59 | Build | Farm |
| 12:05 | Research | Double-Bit Axe |
| 12:10 | Queue | Villager (Male) |
| 12:39 | Build | Lumber Camp |
| 12:50 | Build | Lumber Camp |
| 12:52 | Queue | Villager (Male) |
| 12:53 | Queue | Archer |
| 12:53 | Queue | Archer |
| 12:57 | Build | Stone Wall |
| 12:59 | Queue | Villager (Male) |
| 13:09 | Build | Farm |
| 13:09 | Build | Farm |
| 13:15 | Queue | Militia |
| 13:16 | Queue | Villager (Male) |
| 13:18 | Queue | Villager (Male) |
| 13:21 | Build | Palisade Wall |
| 13:26 | Build | Farm |
| 13:39 | Queue | Skirmisher |
| 13:39 | Queue | Skirmisher |
| 13:43 | Queue | Villager (Male) |
| 13:44 | Build | Farm |
| 13:44 | Queue | Villager (Male) |
| 13:50 | Build | House |
| 13:51 | Build | House |
| 13:51 | Build | House |
| 13:58 | Queue | Archer |
| 14:01 | Build | Farm |
| 14:18 | Queue | Skirmisher |
| 14:44 | Build | Blacksmith |
| 15:09 | Build | Farm |
| 15:11 | Queue | Skirmisher |
| 15:12 | Queue | Militia |
| 15:14 | Queue | Villager (Male) |
| 15:16 | Build | Mining Camp |
| 15:20 | Queue | Skirmisher |
| 15:30 | Build | Farm |
| 15:31 | Queue | Villager (Male) |
| 15:34 | Build | House |
| 15:44 | Build | Farm |
| 15:45 | Queue | Villager (Male) |
| 15:50 | Build | Farm |
| 15:51 | Queue | Skirmisher |
| 15:59 | Queue | Skirmisher |
| 16:17 | Queue | Skirmisher |
| 16:20 | Research | Scale Mail Armor |
| 16:21 | Research | Scale Mail Armor |
| 16:23 | Build | Farm |
| 16:30 | Queue | Skirmisher |
| 16:33 | Build | Farm |
| 16:37 | Queue | Villager (Male) |
| 16:45 | Build | Farm |
| 16:47 | Queue | Skirmisher |
| 16:47 | Queue | Skirmisher |
| 17:01 | Queue | Skirmisher |
| 17:10 | Queue | Villager (Male) |
| 17:14 | Queue | Skirmisher |
| 17:20 | Build | Watch Tower |
| 17:22 | Queue | Skirmisher |
| 17:29 | Queue | Villager (Male) |
| 17:30 | Build | House |
| 17:42 | Queue | Skirmisher |
| 17:48 | Research | Padded Archer Armor |
| 17:57 | Queue | Skirmisher |
| 17:58 | Queue | Skirmisher |
| 18:06 | Queue | Villager (Male) |
| 18:09 | Queue | Skirmisher |
| 18:26 | Build | Farm |
| 18:27 | Build | Farm |
| 18:30 | Queue | Skirmisher |
| 18:33 | Queue | Villager (Male) |
| 18:34 | Queue | Villager (Male) |
| 18:51 | Queue | Skirmisher |
| 18:54 | Build | Outpost |
| 18:57 | Queue | Skirmisher |
| 19:04 | Queue | Skirmisher |
| 19:06 | Queue | Villager (Male) |
| 19:13 | Queue | Villager (Male) |
| 19:22 | Queue | Villager (Male) |
| 19:24 | Research | Horse Collar |
| 19:24 | Research | Horse Collar |
| 19:36 | Queue | Villager (Male) |
| 19:37 | Queue | Skirmisher |
| 19:39 | Queue | Skirmisher |
| 19:51 | Queue | Skirmisher |
| 19:54 | Queue | Villager (Male) |
| 20:14 | Queue | Villager (Male) |
| 20:30 | Build | Watch Tower |
| 20:32 | Queue | Villager (Male) |
| 20:39 | Queue | Skirmisher |
| 20:40 | Queue | Militia |
Build order — Moneimon
First 150 of 251 actions detected
| 0:00 | Queue | Villager (Male) |
| 0:00 | Queue | Villager (Male) |
| 0:01 | Build | House |
| 0:03 | Build | House |
| 0:11 | Queue | Villager (Male) |
| 0:11 | Queue | Villager (Male) |
| 1:23 | Queue | Villager (Male) |
| 1:45 | Build | Lumber Camp |
| 1:59 | Queue | Villager (Male) |
| 2:21 | Queue | Villager (Male) |
| 2:50 | Queue | Villager (Male) |
| 2:50 | Queue | Villager (Male) |
| 2:58 | Build | House |
| 3:39 | Queue | Villager (Male) |
| 3:43 | Queue | Villager (Male) |
| 4:12 | Queue | Villager (Male) |
| 4:31 | Queue | Villager (Male) |
| 4:31 | Queue | Villager (Male) |
| 4:39 | Build | Barracks |
| 5:16 | Queue | Villager (Male) |
| 5:21 | Build | House |
| 5:34 | Queue | Villager (Male) |
| 5:37 | Queue | Militia |
| 5:37 | Queue | Militia |
| 5:52 | Queue | Militia |
| 6:05 | Build | Mill |
| 6:17 | Queue | Militia |
| 6:24 | Queue | Villager (Male) |
| 6:36 | Research | Loom |
| 6:55 | Queue | Villager (Male) |
| 7:09 | Build | House |
| 7:39 | Queue | Villager (Male) |
| 7:42 | Build | Farm |
| 7:50 | Build | Farm |
| 7:52 | Queue | Villager (Male) |
| 8:31 | Build | Mining Camp |
| 8:36 | Queue | Villager (Male) |
| 9:08 | Research | Feudal Age |
| 9:48 | Build | Lumber Camp |
| 9:57 | Build | House |
| 10:00 | Queue | Militia |
| 10:33 | Queue | Militia |
| 10:46 | Queue | Villager (Male) |
| 10:47 | Build | House |
| 11:00 | Queue | Villager (Male) |
| 11:18 | Age | Feudal Age |
| 11:22 | Research | Man-at-Arms (upgrade) |
| 11:23 | Queue | Villager (Male) |
| 11:26 | Build | Archery Range |
| 11:45 | Queue | Villager (Male) |
| 11:46 | Queue | Villager (Male) |
| 11:52 | Research | Double-Bit Axe |
| 12:22 | Queue | Skirmisher |
| 12:24 | Build | Farm |
| 12:25 | Build | Farm |
| 12:26 | Research | Horse Collar |
| 12:36 | Queue | Archer |
| 12:39 | Queue | Villager (Male) |
| 12:47 | Queue | Skirmisher |
| 12:51 | Build | Farm |
| 12:53 | Queue | Villager (Male) |
| 13:04 | Queue | Archer |
| 13:08 | Queue | Villager (Male) |
| 13:13 | Build | Farm |
| 13:21 | Queue | Villager (Male) |
| 13:32 | Queue | Villager (Male) |
| 13:40 | Build | Blacksmith |
| 13:53 | Queue | Villager (Male) |
| 13:56 | Build | Farm |
| 14:04 | Queue | Skirmisher |
| 14:09 | Build | House |
| 14:14 | Queue | Villager (Male) |
| 14:31 | Queue | Villager (Male) |
| 14:39 | Queue | Villager (Male) |
| 14:42 | Queue | Villager (Male) |
| 14:45 | Build | House |
| 14:46 | Build | Palisade Wall |
| 14:50 | Queue | Skirmisher |
| 14:56 | Research | Fletching |
| 15:04 | Build | Palisade Wall |
| 15:10 | Queue | Villager (Male) |
| 15:12 | Build | House |
| 15:16 | Research | Wheelbarrow |
| 15:16 | Queue | Skirmisher |
| 15:24 | Queue | Villager (Male) |
| 15:28 | Build | Farm |
| 15:30 | Build | House |
| 15:38 | Build | Farm |
| 15:51 | Research | Padded Archer Armor |
| 15:52 | Queue | Villager (Male) |
| 15:55 | Build | Farm |
| 15:59 | Queue | Archer |
| 16:03 | Queue | Villager (Male) |
| 16:19 | Queue | Villager (Male) |
| 16:29 | Queue | Villager (Male) |
| 16:41 | Queue | Skirmisher |
| 16:43 | Build | Farm |
| 16:44 | Build | Archery Range |
| 17:03 | Build | Farm |
| 17:23 | Build | Farm |
| 17:23 | Build | Farm |
| 17:27 | Queue | Villager (Male) |
| 17:29 | Queue | Skirmisher |
| 17:31 | Build | Watch Tower |
| 17:36 | Queue | Skirmisher |
| 17:44 | Queue | Villager (Male) |
| 17:48 | Queue | Skirmisher |
| 17:59 | Queue | Skirmisher |
| 18:04 | Queue | Villager (Male) |
| 18:22 | Build | Mining Camp |
| 18:36 | Queue | Villager (Male) |
| 18:40 | Queue | Skirmisher |
| 18:44 | Queue | Skirmisher |
| 18:49 | Build | Farm |
| 18:50 | Build | Farm |
| 18:54 | Build | Farm |
| 18:57 | Queue | Villager (Male) |
| 18:59 | Build | House |
| 18:59 | Build | House |
| 19:02 | Queue | Skirmisher |
| 19:16 | Queue | Villager (Male) |
| 19:26 | Queue | Villager (Male) |
| 19:27 | Queue | Villager (Male) |
| 19:35 | Queue | Villager (Male) |
| 19:42 | Build | Mill |
| 19:49 | Queue | Skirmisher |
| 19:49 | Queue | Skirmisher |
| 19:51 | Queue | Villager (Male) |
| 19:53 | Queue | Skirmisher |
| 20:02 | Build | Farm |
| 20:02 | Build | Farm |
| 20:03 | Build | Farm |
| 20:06 | Queue | Villager (Male) |
| 20:14 | Queue | Skirmisher |
| 20:22 | Queue | Villager (Male) |
| 20:30 | Queue | Spearman |
| 20:30 | Queue | Spearman |
| 20:48 | Queue | Villager (Male) |
| 20:51 | Build | Watch Tower |
| 20:54 | Queue | Skirmisher |
| 21:01 | Queue | Villager (Male) |
| 21:06 | Queue | Skirmisher |
| 21:09 | Queue | Villager (Male) |
| 21:15 | Queue | Skirmisher |
| 21:15 | Queue | Villager (Male) |
| 21:19 | Queue | Villager (Male) |
| 21:23 | Queue | Villager (Male) |
| 21:26 | Build | Farm |
| 21:28 | Build | Farm |
| 21:28 | Build | Farm |
Match timeline
| 4:39 | Moneimon · first_building Barracks |
| 6:11 | Hannibal · wall_segment Palisade Wall x1 |
| 6:12 | Hannibal · wall_segment Palisade Wall x2 |
| 6:12 | Hannibal · wall_segment Palisade Wall x1 |
| 6:15 | Hannibal · wall_segment Palisade Wall x1 |
| 7:19 | Hannibal · wall_segment Palisade Wall x2 |
| 8:00 | Hannibal · wall_segment Palisade Wall x1 |
| 8:20 | Hannibal · first_building Barracks |
| 8:46 | Hannibal · wall_segment Palisade Wall x3 |
| 8:50 | Hannibal · wall_segment Palisade Wall x4 |
| 9:18 | Hannibal · wall_segment Palisade Wall x1 |
| 9:20 | Hannibal · wall_segment Palisade Wall x1 |
| 10:19 | Hannibal · wall_segment Palisade Wall x8 |
| 10:32 | Hannibal · age_up feudal |
| 11:18 | Moneimon · age_up feudal |
| 11:26 | Moneimon · first_building Archery Range |
| 11:30 | Hannibal · first_building Archery Range |
| 12:57 | Hannibal · wall_segment Stone Wall x1 |
| 13:21 | Hannibal · wall_segment Palisade Wall x5 |
| 14:46 | Moneimon · wall_segment Palisade Wall x1 |
| 15:04 | Moneimon · wall_segment Palisade Wall x1 |
| 22:57 | Hannibal · wall_segment Palisade Wall x2 |
| 23:52 | Hannibal · wall_segment Palisade Wall x1 |
| 23:54 | Hannibal · wall_segment Palisade Wall x1 |
| 24:07 | Hannibal · wall_segment Palisade Wall x1 |
| 24:07 | Hannibal · wall_segment Palisade Wall x1 |
| 24:08 | Hannibal · wall_segment Palisade Wall x1 |
| 24:08 | Hannibal · wall_segment Palisade Wall x2 |
| 25:20 | Hannibal · wall_segment Palisade Wall x1 |
| 25:39 | Hannibal · wall_segment Palisade Wall x1 |
| 25:39 | Hannibal · wall_segment Palisade Wall x1 |
| 25:39 | Hannibal · wall_segment Palisade Wall x1 |
| 25:40 | Hannibal · wall_segment Palisade Wall x3 |
| 25:50 | Hannibal · first_market_buy 100 food |
| 26:20 | Hannibal · wall_segment Palisade Wall x1 |
| 26:21 | Hannibal · wall_segment Palisade Wall x1 |
| 26:21 | Hannibal · wall_segment Palisade Wall x1 |
| 26:21 | Hannibal · wall_segment Palisade Wall x1 |
| 27:09 | Moneimon · age_up castle |
| 28:04 | Moneimon · first_building Castle |
| 28:45 | Moneimon · first_building Stable |
| 28:47 | Hannibal · age_up castle |
| 29:45 | Hannibal · first_building Siege Workshop |
| 30:48 | Moneimon · first_building Monastery |
| 31:19 | Hannibal · resign |
[ AI ANALYSIS · 1 CREDIT ]
What really happened in this match?
Wolo.gg analyzes every decision: build order, eco, micro, common mistakes by bracket. Personalized analysis on WhatsApp or Discord in 30 seconds.
Civ guide
Teutons
Perfil
Jugador #1350868